 Dungeon Crawl Stone Soup version 0.32-a0-886-g41c5271027 (webtiles) character file.

Game seed: 10023999850004524392

2886 ezpacito the Trooper (level 9, -4/68 (69) HPs)
             Began as a Coglin Chaos Knight on Apr 3, 2024.
             Was a Plaything of Xom.
             Slain by an orc warrior
             ... wielding a +0 short sword
              (5 damage)
             ... on level 6 of the Dungeon.
             The game lasted 00:08:15 (6328 turns).

ezpacito the Trooper (Coglin Chaos Knight)          Turns: 6328, Time: 00:08:15

HP:   -4/68 (69)    AC:  7    Str: 17    XL:     9   Next: 77%
MP:   13/13         EV: 12    Int: 12    God:    Xom [......]
Gold: 441           SH:  0    Dex: 11    Spells: 13/13 levels left

rFire   . . .        a - +1 hand axe (chaos) {Gerda}
rCold   . . .        i - +0 trident {Elena}
rNeg    . . .        v - +2 leather armour {rPois}
rPois   +            (helmet restricted)
rElec   .            k - +1 cloak
rCorr   .            (no gloves)
SInv    .            (no boots)
Will    .....        (amulet unavailable)
Stlth   ++           (ring unavailable)
HPRegen 0.31/turn    (ring unavailable)
MPRegen 0.13/turn    (no gizmo)

%: no passive effects
@: lightly drained, revved
A: off-hand wielding, slow wielding, warmup strikes, no jewellery, horns 1,
clumsy 1, screaming 1
a: Invent Gizmo, Renounce Religion


You were on level 6 of the Dungeon.
You worshipped Xom.
You were a very special plaything of Xom.
You visited 2 branches of the dungeon, and saw 8 of its levels.

You collected 441 gold pieces.

Inventory:

Hand Weapons
 a - a +1 hand axe of chaos (weapon) {Gerda}
 i - a +0 trident (offhand) {Elena}
 x - a +0 war axe of freezing
Missiles
 g - 4 boomerangs (quivered)
 l - 3 throwing nets
 p - 4 poisoned darts
Armour
 h - a +2 helmet
 k - a +1 cloak (worn)
 s - a +0 plate armour
 u - a +1 hat
 v - a +2 leather armour of poison resistance (worn)
Scrolls
 d - a scroll of immolation
 j - a scroll of silence
 r - a scroll of noise
 t - a scroll of teleportation
 y - 2 scrolls of amnesia
Potions
 b - a potion of mutation {unknown}
 c - a potion of enlightenment {unknown}
 f - a potion of magic
 n - 3 potions of brilliance
 w - a potion of heal wounds {unknown}
 z - a potion of might {unknown}
 B - a potion of attraction {unknown}


   Skills:
 * Level 6.1 Fighting
 * Level 6.1(7.0) Axes
 * Level 4.6(5.9) Polearms
 * Level 5.1 Armour
 * Level 4.8 Dodging
 + Level 3.1 Stealth
 + Level 1.0 Unarmed Combat
 + Level 2.9 Spellcasting


You had 13 spell levels left.
You didn't know any spells.
Your spell library contained the following spells:

 Spells                   Type           Power      Damage    Failure   Level
 Ensorcelled Hibernation  Hex/Ice        2%         N/A       41%         2
 Passwall                 Erth           1%         N/A       65%         3
 Swiftness                Air            1%         N/A       65%         3


Dungeon Overview and Level Annotations

Branches:
Dungeon (7/15)             Temple (1/1) D:5

Altars:
Ashenzari
Cheibriados
Dithmenos
Fedhas
Gozag
Hepliaklqana
Kikubaaqudgha
Makhleb
Nemelex Xobeh
Qazlal
Ru
Sif Muna
Uskayaw
Vehumet
Xom
Yredelemnul
Zin

Annotations:
D:4 3 runed translucent doors, RoseCult's ghost, novice MiFi; ezpacito's ghost, amateur CoCK; skrealing's ghost, novice MDFi


Innate Abilities, Weirdness & Mutations

You can wield a second weapon in your off-hand.
It takes a long time for you to wield or remove held weapons.
Your first few attacks do less damage.
You cannot equip rings or amulets.
You have a pair of small horns on your head.
You are clumsy. (Dex -2)
You occasionally shout uncontrollably at your foes.


Message History

You closely miss the orc warrior with your +0 trident.
The orc warrior is moderately wounded.
You barely miss the orc warrior with your +1 hand axe of chaos.
You hit the orc with your +1 hand axe of chaos.
You kill the orc!
The orc warrior hits you but does no damage.
You completely miss the orc warrior with your +0 trident.
Your headbutt misses the orc warrior.
The orc warrior is moderately wounded.
You closely miss the orc warrior with your +1 hand axe of chaos.
The orc warrior hits you with a +0 short sword.
You take 6 damage, and have 27/68 hp.
You closely miss the orc warrior with your +1 hand axe of chaos.
The orc warrior is moderately wounded.
You barely miss the orc warrior with your +0 trident.
The orc warrior hits you with a +0 short sword!
* * * LOW HITPOINT WARNING * * *
You take 11 damage, and have 16/68 hp.
You hit the orc warrior with your +1 hand axe of chaos.
The orc warrior is poisoned.
The orc warrior is heavily wounded.
You hit the orc warrior but do no damage.
The orc warrior hits you but does no damage.
You barely miss the orc warrior with your +1 hand axe of chaos.
The orc warrior is heavily wounded.
You hit the orc warrior with your +0 trident.
The orc warrior hits you with a +0 short sword!
* * * LOW HITPOINT WARNING * * *
You take 6 damage, and have 10/68 hp.
You closely miss the orc warrior with your +1 hand axe of chaos.
You headbutt the orc warrior.
The orc warrior is severely wounded.
You hit the orc warrior but do no damage.
The orc warrior hits you with a +0 short sword!
* * * LOW HITPOINT WARNING * * *
You take 9 damage, and have 1/68 hp.
Okay, then.
The orc warrior attacks as it pursues you!
The orc warrior hits you with a +0 short sword.
You die...

#...................
#...................
#..................#
#..####..........).#
#..................#
#.)................#
#.)................#
#)o................#
###@....##'#####...#
#.....##.# #...#
##...).##.# #...#
#.........# #####
#.........# #.
#.........### #.
#...........# #.
###########.######.
#........


You could see an orc warrior (very poisoned).

Vanquished Creatures
  A hornet (D:7)
  Sigmund (D:2)
  Eustachio (D:6)
  A sky beast (D:6)
  2 ice beasts
  2 ogres (D:6)
  3 centaurs
  A tengu (D:5)
  3 bullfrogs
  2 scorpions
  8 wights
  3 howler monkeys (D:7)
  2 bombardier beetles
  6 hounds
  2 jellies
  A sleepcap (D:7)
  2 orc priests
  5 iguanas
  2 orc wizards (D:6)
  Robin (D:2)
  5 gnolls
  4 adders
  A white imp (D:6)
  4 dart slugs
  3 ribbon worms
  17 orcs
  8 ball pythons
  3 endoplasms
  4 giant cockroaches
  12 goblins
  10 hobgoblins
  8 jackals
  8 kobolds
  5 quokkas
  4 bats
  4 frilled lizards
  4 rats
153 creatures vanquished.

Notes
Turn   | Place    | Note
-------+----------+-------------------------------------------
     0 | D:1      | ezpacito the Coglin Chaos Knight began the quest for the
                  | Orb.
     0 | D:1      | Reached XP level 1. HP: 18/18 MP: 1/1
    50 | D:1      | Reached skill level 1 in Dodging
    81 | D:1      | Reached XP level 2. HP: 24/24 MP: 2/2
   175 | D:1      | XOM: silly message
   355 | D:2      | Reached XP level 3. HP: 29/29 MP: 3/3
   374 | D:2      | Noticed Robin
   382 | D:2      | Killed Robin
   387 | D:2      | Reached skill level 1 in Polearms
   467 | D:2      | Reached XP level 4. HP: 35/35 MP: 5/5
   641 | D:2      | XOM: enchant monster (bad)
   773 | D:2      | XOM: silly message
  1037 | D:2      | XOM: silly message
  1174 | D:2      | Noticed Sigmund
  1183 | D:2      | XOM: summons friendly crimson imp
  1185 | D:2      | Killed Sigmund
  1186 | D:2      | Reached skill level 1 in Stealth
  1186 | D:2      | Reached skill level 1 in Spellcasting
  1186 | D:2      | Reached XP level 5. HP: 28/42 MP: 6/6
  1186 | D:2      | Reached XP level 6. HP: 32/48 MP: 7/7
  1894 | D:3      | You fall into a shaft and drop 1 floor!
  2094 | D:3      | XOM: silly message
  2247 | D:4      | Found a runed translucent gate.
  2247 | D:4      | Found a runed translucent gate.
  2247 | D:4      | Found a runed translucent gate.
  2248 | D:4      | Noticed RoseCult's ghost (novice MiFi)
  2248 | D:4      | Noticed ezpacito's ghost (amateur CoCK)
  2249 | D:4      | Noticed skrealing's ghost (novice MDFi)
  2380 | D:4      | Noticed a water moccasin
  2380 | D:4      | XOM: 2-stop teleportation journey
  2383 | D:4      | XOM: snakes to sticks
  2462 | D:4      | Reached XP level 7. HP: 37/54 MP: 9/9
  2651 | D:4      | XOM: polymorph dart slug -> goblin
  2843 | D:5      | Entered Level 5 of the Dungeon
  2843 | D:5      | Found a staircase to the Ecumenical Temple.
  2848 | D:5      | XOM: polymorph scorpion -> tengu
  2861 | Temple   | Entered the Ecumenical Temple
  2920 | D:5      | XOM: 4-stop teleportation journey
  3002 | D:5      | Found a hide-covered altar of Uskayaw.
  3012 | D:5      | XOM: stat loss: -1 Int (10/11)
  3042 | D:5      | Found a shimmering blue altar of Sif Muna.
  3059 | D:5      | Reached XP level 8. HP: 61/61 MP: 10/10
  3271 | D:5      | XOM: summons friendly quasit
  3415 | D:5      | XOM: polymorph quasit -> shadow imp
  3969 | D:5      | XOM: summons friendly shadow imp
  3973 | D:5      | XOM: polymorph shadow imp -> ufetubus
  4204 | D:6      | XOM: noise
  4205 | D:6      | Noticed Eustachio
  4209 | D:6      | XOM: confuse monster(s)
  4216 | D:6      | Killed Eustachio
  4217 | D:6      | Reached skill level 5 in Fighting
  4217 | D:6      | Reached skill level 5 in Axes
  4256 | D:6      | XOM: give mutation
  4256 | D:6      | Gained mutation: You have a pair of small horns on your
                  | head. [Xom's mischief]
  4257 | D:6      | XOM: swap monsters
  4382 | D:6      | XOM: scenery: 1 doors close
  4393 | D:6      | Reached XP level 9. HP: 27/68 MP: 12/12
  4791 | D:6      | XOM: 1-stop teleportation journey
  5616 | D:7      | XOM: give mutations
  5616 | D:7      | Gained mutation: You occasionally shout uncontrollably at
                  | your foes. [Xom's mischief]
  5616 | D:7      | Gained mutation: You are clumsy. (Dex -2) [Xom's mischief]
  5663 | D:7      | XOM: chaos cloud
  5676 | D:7      | HP: 3/60 [wight/+0 hand axe (1)]
  5676 | D:7      | HP: 1/60 [wight/+4 long sword (2)]
  6133 | D:7      | Found a glowing silver altar of Zin.
  6133 | D:7      | Found an opulent altar of Gozag.
  6205 | D:7      | Noticed a hornet
  6216 | D:7      | Paralysed by a hornet for 2 turns
  6217 | D:7      | Killed a hornet
  6218 | D:7      | Reached skill level 5 in Armour
  6218 | D:7      | Reached skill level 1 in Unarmed Combat
  6224 | D:7      | XOM: chaos cloud
  6318 | D:7      | XOM: summons 1 hostile demon
  6327 | D:6      | HP: 1/68 [orc warrior/+0 short sword (9)]
  6328 | D:6      | Slain by an orc warrior

Illustrated notes

Levels and vault maps discovered:
D:1:      grunt_arrival_crossed_arrows, layout_rooms
D:2:      layout_basic, uniq_sigmund, uniq_robin
D:3:      layout_rooms, corexii_corridor_pit
D:4:      minmay_chambers_of_twos, layout_rooms, gammafunk_ghost_cemetery,
          hangedman_decor_slide_cut
D:5:      kb_forest_paths, layout_layer_cave, mainiacjoe_overflow_brackets,
          nicolae_uskayaw_suspiria, minmay_temple_entry_offerings
D:6:      layout_basic, amcnicky_mini_rare_corridor_liquid, uniq_eustachio
D:7:      cheibrodos_quashed, layout_cave_pods,
          grunt_temple_overflow_gold_and_silver
Temple:   hellmonk_temple_forest_ring

Skill      XL: |  1  2  3  4  5  6  7  8  9 |
---------------+----------------------------+-----
Dodging        | 1 2 3 4 |  4.8
Armour         | 2 3 4 5 |  5.1
Polearms       | 1 2 3 4 |  4.6
Stealth        | 1 2 3 |  3.1
Spellcasting   | 1 2 |  2.9
Fighting       | 4 5 6 |  6.1
Axes           | 4 5 6 |  6.1
Unarmed Combat | 1 |  1.0

Action                     |  1- 3 |  4- 6 |  7- 9 || total
---------------------------+-------+-------+-------++-------
  Melee: Hand axe          |    45 |    98 |   181 ||   324
         Dagger            |    44 |    26 |       ||    70
         Spear             |       |    55 |       ||    55
         Trident           |       |    47 |   212 ||   259
         Headbutt          |       |       |    25 ||    25
  Throw: Boomerang         |       |       |     3 ||     3
    Use: Scroll            |       |     8 |    10 ||    18
         Potion            |       |     2 |     6 ||     8
   Stab: Confused          |     1 |     1 |     7 ||     9
         Distracted        |     1 |     2 |     1 ||     4
         Sleeping          |       |     6 |     7 ||    13
         Petrifying        |       |       |     1 ||     1
 Armour: Leather armour    |    31 |   106 |   145 ||   282
  Dodge: Dodged            |    22 |    94 |   119 ||   235

Table legend: (Time is in decaauts)
 A = Elapsed time spent in this place.
 B = Non-inter-level travel time spent in this place.
 C = Inter-level travel time spent in this place.
 D = Time resting spent in this place.
 E = Time spent auto-exploring this place.
 F = Levels seen in this place.
 G = Mean time per level.
                   A        B        C        D        E       F      G
               +--------+--------+--------+--------+--------+-----+--------+
         Total |   6349 |   6125 |    224 |    530 |   4529 |   8 |  793.6 |
       Dungeon |   6348 |   6124 |    224 |    530 |   4529 |   7 |  906.9 |
        Temple |      1 |      1 |      0 |      0 |      0 |   1 |    1.0 |
               +--------+--------+--------+--------+--------+-----+--------+

Top non-repeatable levels by time:
     D:5: 1365 daAuts
     D:2: 1332 daAuts
     D:7: 1084 daAuts
     D:6: 1041 daAuts
     D:4: 692 daAuts
     D:3: 484 daAuts
     D:1: 347 daAuts
  Temple: 1 daAuts
